 Dungeon Crawl Stone Soup version 0.17-a0-2211-gbb7320e (webtiles) character file.

3813 Arkorax the Cleaver (level 10, -4/96 HPs)
             Began as a Hill Orc Gladiator on Oct 27, 2015.
             Was a Priest of Qazlal.
             Slain by a troll (11 damage)
             ... on level 9 of the Dungeon.
             The game lasted 00:13:43 (7112 turns).

Arkorax the Cleaver (Hill Orc Gladiator)            Turns: 7112, Time: 00:13:43

Health: -4/96      AC: 13    Str: 27    XL:     10   Next: 17%
Magic:  10/10      EV: 11    Int:  8    God:    Qazlal [***...]
Gold:   473        SH:  4    Dex: 11    Spells: 0 memorised, 9 levels left

rFire  . . .     SeeInvis +     r - +0 battleaxe
rCold  . . .     Clarity  .     c - +4 ring mail
rNeg   . . .     SustAt   .     (no shield)
rPois  .         Gourm    .     t - +1 helmet
rElec  .         Spirit   .     (no cloak)
rCorr  .         Warding  .     (no gloves)
rMut   .         Stasis   .     (no boots)
MR     .....                    (no amulet)
Stlth  ..........               g - +2 ring of protection
                                o - ring of see invisible

@: mighty, not resistant to hostile enchantments, extremely unstealthy
A: no striking features
a: Upheaval, Elemental Force, Renounce Religion


You were on level 9 of the Dungeon.
You worshipped Qazlal.
Qazlal was most pleased with you.
You were not hungry.

You visited 2 branches of the dungeon, and saw 10 of its levels.

You collected 473 gold pieces.

Inventory:

Hand Weapons
 r - a +0 battleaxe (weapon)
Missiles
 d - 4 throwing nets (quivered)
Armour
 c - a +4 ring mail (worn)
 t - a +1 helmet (worn)
Jewellery
 g - a +2 ring of protection (right hand)
 o - a ring of see invisible (left hand)
 p - a +5 ring of intelligence
Wands
 l - a wand of frost (17)
 s - a wand of polymorph (11)
 u - a wand of flame (39)
 K - a wand of polymorph (5)
 L - a wand of polymorph (11)
 M - a wand of random effects (13)
Scrolls
 b - a scroll of random uselessness {unknown}
 f - 6 scrolls of identify
 i - a scroll of fog
 n - 3 scrolls of enchant weapon
 w - a scroll of acquirement {unknown}
 x - a scroll of recharging {unknown}
 y - 2 scrolls of amnesia {unknown}
 E - 3 scrolls of teleportation {unknown}
 F - 3 scrolls of blinking {unknown}
 I - 2 scrolls of enchant armour {unknown}
Potions
 a - a potion of might
 j - 3 potions of magic {unknown}
 k - 3 potions of heal wounds {unknown}
 m - a potion of brilliance {unknown}
 v - 2 potions of curing {unknown}
 z - a potion of haste {unknown}
 A - a potion of beneficial mutation {unknown}
 C - a potion of resistance {unknown}
 D - a potion of berserk rage {unknown}
 J - a potion of degeneration {unknown}
Comestibles
 e - 6 bread rations
 h - 6 fruits
 q - a royal jelly
 B - a slice of pizza
 G - 2 meat rations
 H - 7 beef jerkies


   Skills:
 + Level 11.2 Fighting
 + Level 14.0 Axes
 - Level 1.7 Throwing
 - Level 0.2 Armour
 - Level 2.4 Dodging


You had 9 spell levels left.
You didn't know any spells.

Dungeon Overview and Level Annotations

Branches:
Dungeon (9/15)             Temple (1/1) D:4
   Lair: D:8-11         Orc: D:9-12

Altars:
Ashenzari
Cheibriados
Dithmenos
Elyvilon
Fedhas
Gozag
Kikubaaqudgha
Makhleb
Nemelex Xobeh
Okawaru
Qazlal
Ru
Sif Muna
Trog
Vehumet
Xom
Zin

Shops:
D:7 (


Message History

The troll claws you but does no damage.
You closely miss the troll.
The troll is moderately wounded.
The troll bites you.
* * * LOW HITPOINT WARNING * * *
The troll claws you but does no damage. The troll claws you.
* * * LOW HITPOINT WARNING * * *
Items here: )) †† a spear; a halberd; a gnoll corpse; a gnoll corpse
Things that are here:
a spear; a gnoll corpse The troll bites you.
* * * LOW HITPOINT WARNING * * *
The troll closely misses you. The troll claws you but does no damage.
Drink which item? (? for menu, Esc to quit)
You feel very mighty all of a sudden. The troll bites you!
* * * LOW HITPOINT WARNING * * *
The troll claws you but does no damage. The troll claws you!
You die...

# .# #.......# ##.
#$......# #.. #.......# <.
####.......###.#.#
...........##..#.#
.".........##@##.#
.........)).#T##.#
..........))..##.### #####
..........)).##....##.....
..............#).).......#
.%.............÷<(........
#.............([(.........
#...........#.............
..................((.....#


You could see a troll.

Vanquished Creatures
  A two-headed ogre (D:9)
  2 hippogriffs
  3 orc warriors
  A water moccasin (D:7)
  2 ogres
  A sky beast (D:8)
  2 ice beasts
  5 phantoms
  A big kobold (D:8)
  2 centaurs
  4 giant frogs
  A gnoll sergeant (D:9)
  2 scorpions
  4 crimson imps
  2 centaur zombies
  2 hounds
  A giant frog zombie (D:9)
  9 orc wizards
  4 jellies
  4 orc priests
  2 iguanas
  13 worker ants
  A hound skeleton (D:4)
  7 adders
  13 gnolls
  2 shadow imps
  An ooze (D:3)
  3 worms
  3 adder skeletons
  6 giant geckos
  29 orcs
  15 bats
  5 hobgoblins
  9 jackals
  3 quokkas
  6 giant cockroaches
  A giant gecko skeleton (D:7)
  6 giant newts
  7 goblins
  12 kobolds
  A quokka zombie (D:5)
  10 rats
208 creatures vanquished.

Notes
Turn   | Place    | Note
--------------------------------------------------------------
     0 | D:1      | Arkorax the Hill Orc Gladiator began the quest for the Orb.
     0 | D:1      | Reached XP level 1. HP: 18/18 MP: 1/1
   200 | D:1      | Reached XP level 2. HP: 25/25 MP: 2/2
   588 | D:1      | Reached XP level 3. HP: 31/31 MP: 3/3
   659 | D:2      | Reached skill level 5 in Axes
  1335 | D:3      | Reached XP level 4. HP: 34/38 MP: 4/4
  2023 | D:3      | You fall through a shaft for 2 floors!
  2023 | D:5      | Entered Level 5 of the Dungeon
  2238 | D:4      | Noticed a phantom
  2271 | D:4      | Killed a phantom
  2271 | D:4      | Reached skill level 6 in Axes
  2271 | D:4      | Reached XP level 5. HP: 21/47 MP: 5/5
  2456 | D:4      | Reached skill level 5 in Fighting
  2766 | D:4      | Reached XP level 6. HP: 56/56 MP: 6/6
  2783 | D:4      | Noticed a centaur
  2964 | D:4      | Found a staircase to the Ecumenical Temple.
  3005 | D:4      | Found a sparkling altar of Nemelex Xobeh.
  3024 | D:4      | Noticed an ogre
  3029 | D:4      | Killed an ogre
  3029 | D:4      | Reached skill level 7 in Axes
  3369 | Temple   | Entered the Ecumenical Temple
  3434 | Temple   | Became a worshipper of Qazlal Stormbringer
  3512 | D:4      | Killed a centaur
  3512 | D:4      | Reached XP level 7. HP: 57/64 MP: 7/7
  3833 | D:5      | Noticed an orc warrior
  3857 | D:5      | Noticed an ice beast
  3873 | D:5      | Killed an ice beast
  3873 | D:5      | Reached skill level 8 in Axes
  3909 | D:5      | Killed an orc warrior
  4109 | D:5      | Found a shimmering altar of Xom.
  4130 | D:5      | Found a glowing silver altar of Zin.
  4228 | D:5      | Reached XP level 8. HP: 74/74 MP: 8/8
  4229 | D:5      | Reached * piety under Qazlal
  4229 | D:5      | Reached skill level 9 in Axes
  4915 | D:6      | Reached skill level 10 in Axes
  5004 | D:6      | Reached ** piety under Qazlal
  5335 | D:7      | Reached skill level 11 in Axes
  5370 | D:7      | Reached XP level 9. HP: 72/83 MP: 9/9
  5448 | D:7      | Found Hacyjinn's Weapon Boutique.
  5685 | D:7      | Found a shattered altar of Ashenzari.
  5879 | D:7      | Reached skill level 12 in Axes
  6110 | D:8      | Reached skill level 10 in Fighting
  6226 | D:8      | Found an ancient bone altar of Kikubaaqudgha.
  6237 | D:8      | Found a blossoming altar of Fedhas.
  6257 | D:8      | Reached *** piety under Qazlal
  6291 | D:8      | Reached skill level 13 in Axes
  6747 | D:9      | Reached XP level 10. HP: 75/94 MP: 10/10
  7064 | D:9      | Reached skill level 14 in Axes
  7112 | D:9      | Slain by a troll

Vault maps used:
D:1:      dpeg_arrival_houses_and_road
D:2:      first_bread
D:4:      nemelex_altar_shiori, minmay_temple_entry_water_ring
D:5:      lemuel_crystal_altar, gup_sewer_entry_glass, basic_altar
D:7:      marbit_many_paths, serial_shops, shop, grunt_ogre_cave
D:8:      grunt_temple_overflow_growth_and_decay, kennysheep_potato
D:9:      grunt_temple_overflow_holy_war, serial_shops, shop
Temple:   zaba_magenta_temple_12

Action                   |  1- 3 |  4- 6 |  7- 9 | 10-12 || total
-------------------------+-------+-------+-------+-------++-------
Melee: War axe           |   114 |   144 |    64 |       ||   322
       Battleaxe         |       |       |   283 |    37 ||   320
Throw: Throwing net      |       |       |     1 |       ||     1
  Use: Scroll            |     1 |     4 |       |       ||     5
       Potion            |       |       |       |     1 ||     1
 Stab: Sleeping          |     1 |       |       |       ||     1
  Eat: Chunk             |     1 |     2 |       |       ||     3
       Bread ration      |       |     2 |     2 |       ||     4
